 Dungeon Crawl Stone Soup version 0.20.1-1-g8b1a95d (webtiles) character file.

11525 homeworkjunkie the Severer (level 11, 0/97 HPs)
             Began as a Hill Orc Fighter on Dec 21, 2017.
             Was a High Priest of Okawaru.
             Slain by an orc warrior
             ... wielding a +0 dire flail
             ... led by an orc warlord
              (28 damage)
             ... on level 2 of the Orcish Mines.
             The game lasted 00:17:56 (9017 turns).

homeworkjunkie the Severer (Hill Orc Fighter)       Turns: 9017, Time: 00:17:57

Health: 0/97       AC: 19    Str: 22    XL:     11   Next: 79%
Magic:  0/15       EV:  9    Int:  8    God:    Okawaru [*****.]
Gold:   509        SH: 11    Dex: 16    Spells: 10/10 levels left

rFire    . . .     SeeInvis .   G - +3 war axe (protect)
rCold    . . .     Gourm    .   c - +0 shield
rNeg     + . .     Faith    .   w - +2 ring mail {rN+}
rPois    +         Spirit   +   (helmet restricted)
rElec    .         Reflect  .   y - +0 cloak
rCorr    .         Harm     .   (no gloves)
MR       +....                  b - +1 pair of boots
Stlth    +.........             r - amulet of guardian spirit
Regen    0.7/turn               H - +3 ring of dexterity
MPRegen  0.2/turn               q - ring of poison resistance

@: protection aura, heavily drained
A: beak, hooves 1, agile 1, magic resistance 1, regeneration 1, evolution 1
a: Heroism, Finesse, Renounce Religion


You were on level 2 of the Orcish Mines.
You worshipped Okawaru.
Okawaru was extremely pleased with you.
You were not hungry.

You visited 3 branches of the dungeon, and saw 14 of its levels.

You collected 877 gold pieces.
You spent 368 gold pieces at shops.

Inventory:

Hand Weapons
 G - a +3 war axe of protection (weapon)
Armour
 b - a +1 pair of boots (worn)
 c - a +0 shield (worn)
 e - the +1 helmet "Qoarumuc" {+Blink Str+3}
   (You took it off Robin on level 2 of the Dungeon)

   It affects your strength (+3).
   It lets you blink.
 w - a +2 ring mail of positive energy (worn)
 y - a +0 cloak (worn)
Jewellery
 l - an uncursed ring of positive energy
 n - an uncursed ring of protection from fire
 o - an uncursed ring of ice
 q - a ring of poison resistance (right hand)
 r - an amulet of guardian spirit (around neck)
 H - a +3 ring of dexterity (left hand)
 I - an uncursed ring of see invisible
Wands
 v - a wand of confusion (21/48)
Scrolls
 d - a scroll of fear
 g - 6 scrolls of identify
 j - a scroll of fog
 p - a scroll of recharging
 s - a scroll of magic mapping
 t - 6 scrolls of remove curse
 x - 4 scrolls of teleportation
 C - 4 scrolls of immolation
 J - 2 scrolls of blinking
Potions
 a - a potion of curing
 h - 3 potions of ambrosia
 i - 2 potions of might
 m - 2 potions of resistance
 A - 5 potions of heal wounds
 D - 2 potions of flight
 E - 4 potions of haste
 F - 2 potions of brilliance
Comestibles
 f - 7 bread rations
 k - 4 fruits
 u - 4 meat rations
 B - 2 royal jellies


   Skills:
 * Level 9.3(7.6) Fighting
 * Level 15.0(13.1) Axes
 * Level 8.1(6.5) Armour
 + Level 1.0(0.0) Dodging
 + Level 1.4(0.0) Stealth
 * Level 9.3(7.7) Shields
 * Level 5.4(3.9) Evocations


You had 10 spell levels left.
You didn't know any spells.

Dungeon Overview and Level Annotations

Branches:
Dungeon (11/15)            Temple (1/1) D:5            Lair (0/6) D:8
    Orc (2/2) D:9
    Elf: Orc:2

Altars:
Ashenzari
Cheibriados
Dithmenos
Elyvilon
Fedhas
Kikubaaqudgha
Nemelex Xobeh
Okawaru
Ru
Sif Muna
Uskayaw
Yredelemnul
Zin
The Shining One

Shops:
D:8 (   D:9 =   D:10 !   Orc:1 (

Annotations:
Orc:2 Sonja; p0werm0de's ghost, journeyman DDFi


Innate Abilities, Weirdness & Mutations

You have a beak for a mouth.
You have large cloven feet.
You are agile. (Dex +2)
You are resistant to hostile enchantments. (MR+)
Your natural rate of healing is unusually fast.
You evolve.


Message History

The orc warrior is severely wounded.
You hit the orc warlord but do no damage.
The orc warrior hits you with a dire flail!!
The orc warlord hits you with a long sword!!
* * * LOW HITPOINT WARNING * * *
You block the orc warrior's attack.
A cyclops comes into view.
The cyclops shouts!
You are too injured to fight recklessly!
You are too injured to fight recklessly!
You are too injured to fight recklessly!
You are too injured to fight recklessly!
You are too injured to fight recklessly!
You are too injured to fight recklessly!
You are too injured to fight recklessly!
You feel much better.
The orc warrior hits you with a hand axe!
* * * LOW HITPOINT WARNING * * *
The orc warrior hits you with a dire flail!!
You die...

#..............#................#
..............###....<......<..##
#...........#.###...........#.##
##..........##.#####........###
##.....#####...# ##.....### #....
##..## #.....# #......##....#
##...## ..........(# #...#
........#.@# ##### #.#......ooo#
##....T.o#oo #....T.o#o.T..
##.........o.... ..W............
.T.#............


CO..... .....#. You could see an orc warlord, a two-headed ogre (wandering), a
deep troll, a cyclops, 3 trolls, 4 orc warriors, an orc wizard, p0werm0de's
ghost and 3 orcs.

Vanquished Creatures
  4 two-headed ogres
  An orc knight (Orc:1)
  2 trolls
  2 wraiths (D:10)
  8 yaks (D:10)
  A wyvern (D:9)
  Grum (D:8)
  2 water moccasins
  3 porcupines (D:8)
  A swamp drake (D:9)
  4 sky beasts
  A black bear (D:9)
  2 ice beasts
  13 orc warriors
  6 ogres
  2 wolves (D:8)
  5 centaurs
  A big kobold (D:7)
  Blork the orc (D:4)
  5 bullfrogs
  2 scorpions
  9 killer bees
  A howler monkey (D:9)
  5 wights (D:9)
  2 crimson imps
  A bullfrog zombie (D:11)
  3 hounds
  4 jellies
  6 orc priests
  2 bullfrog skeletons
  Ijyb (D:4)
  5 iguanas
  17 orc wizards
  7 worker ants
  2 killer bee zombies
  A hound zombie (D:10)
  2 hound skeletons
  Robin (D:2)
  A worker ant zombie (D:6)
  5 gnolls
  2 howler monkey skeletons
  13 adders
  3 shadow imps
  2 oozes
  An adder skeleton (D:5)
  3 worms
  A dart slug (D:4)
  A leopard gecko (D:2)
  56 orcs
  A ball python (D:6)
  9 bats
  7 giant cockroaches
  16 goblins
  6 hobgoblins
  11 jackals
  5 quokkas
  9 frilled lizards
  30 kobolds
  A quokka skeleton (D:8)
  A quokka zombie (D:3)
  10 rats
  A rat zombie (D:5)
  A plant (D:8)
332 creatures vanquished.

Vanquished Creatures (others)
  4 fungi (D:8)
  3 plants (D:8)
7 creatures vanquished.

Grand Total: 339 creatures vanquished

Notes
Turn   | Place    | Note
-------+----------+-------------------------------------------
     0 | D:1      | homeworkjunkie the Hill Orc Fighter began the quest for the Orb.
     0 | D:1      | Reached XP level 1. HP: 19/19 MP: 1/1
    40 | D:1      | Reached skill level 3 in Axes
    40 | D:1      | Reached XP level 2. HP: 26/27 MP: 2/2
    62 | D:2      | Noticed Robin
    72 | D:2      | Killed Robin
    72 | D:2      | Reached XP level 3. HP: 27/33 MP: 3/3
    90 | D:2      | Got an ichor-stained helmet
   194 | D:3      | Identified the +1 helmet "Qoarumuc" {+Blink Str+3} (You took it off Robin on level 2 of the Dungeon)
   281 | D:5      | Entered Level 5 of the Dungeon
   298 | D:6      | Reached XP level 4. HP: 40/40 MP: 4/4
   459 | D:3      | Reached skill level 4 in Axes
   478 | D:2      | Found a shadowy altar of Dithmenos.
   680 | D:4      | HP: 1/41 [orc priest/nerve-wracking pain (8)]
   683 | D:4      | Reached skill level 5 in Axes
   683 | D:4      | Reached XP level 5. HP: 8/47 MP: 5/5
   780 | D:4      | HP: 2/47 [something/puff of flame (16)]
  1040 | D:3      | Found a white marble altar of Elyvilon.
  1202 | D:3      | Reached XP level 6. HP: 42/53 MP: 6/6
  1449 | D:2      | Found a white marble altar of Elyvilon.
  1788 | D:3      | Reached skill level 6 in Axes
  1829 | D:3      | Found a deep blue altar of Sif Muna.
  2752 | D:4      | Found an iron altar of Okawaru.
  2769 | D:4      | Became a worshipper of Warmaster Okawaru
  2872 | D:5      | Reached skill level 5 in Fighting
  2962 | D:4      | Noticed Blork the orc
  2972 | D:4      | Killed Blork the orc
  2972 | D:4      | Reached XP level 7. HP: 60/61 MP: 7/7
  2977 | D:4      | Noticed Ijyb
  3012 | D:4      | Killed Ijyb
  3012 | D:4      | Reached skill level 7 in Axes
  3081 | D:4      | Reached * piety under Okawaru
  3354 | D:5      | Found a staircase to the Ecumenical Temple.
  3372 | Temple   | Entered the Ecumenical Temple
  3412 | D:5      | Reached skill level 1 in Evocations
  3521 | D:6      | Reached skill level 8 in Axes
  3532 | D:6      | Reached skill level 5 in Shields
  3532 | D:6      | Reached XP level 8. HP: 59/69 MP: 6/9
  3613 | D:5      | Found an ancient bone altar of Kikubaaqudgha.
  3984 | D:6      | Found a glowing golden altar of the Shining One.
  4010 | D:6      | Reached skill level 5 in Armour
  4032 | D:6      | Found a sparkling altar of Nemelex Xobeh.
  4091 | D:6      | Reached ** piety under Okawaru
  4097 | D:6      | Found a shattered altar of Ashenzari.
  4200 | D:7      | Reached skill level 9 in Axes
  4418 | D:6      | Found a sacrificial altar of Ru.
  4711 | D:8      | Reached skill level 10 in Axes
  4713 | D:8      | Reached XP level 9. HP: 42/75 MP: 5/10
  4949 | D:7      | Reached *** piety under Okawaru
  5063 | D:7      | Found a snail-covered altar of Cheibriados.
  5744 | D:8      | Found a glowing silver altar of Zin.
  5792 | D:8      | Found Joliad's Antique Weapon Emporium.
  5859 | D:8      | Gained mutation: You have large cloven feet. [potion of mutation]
  5859 | D:8      | Gained mutation: You evolve. [potion of mutation]
  5859 | D:8      | Gained mutation: You have a beak for a mouth. [potion of mutation]
  5870 | D:8      | Noticed Grum
  5879 | D:8      | Reached skill level 11 in Axes
  5887 | D:8      | Killed Grum
  5887 | D:8      | Reached **** piety under Okawaru
  5946 | D:8      | Reached XP level 10. HP: 14/86 MP: 5/12
  6056 | D:8      | Found a staircase to the Lair.
  6071 | D:8      | Gained mutation: You are resistant to hostile enchantments. (MR+) [evolution]
  6361 | D:9      | Noticed a two-headed ogre
  6368 | D:9      | Killed a two-headed ogre
  6368 | D:9      | Reached ***** piety under Okawaru
  6368 | D:9      | Received a gift from Okawaru
  6368 | D:9      | Reached skill level 12 in Axes
  6665 | D:8      | Gained mutation: Your natural rate of healing is unusually fast. [evolution]
  6924 | D:10     | Entered Level 10 of the Dungeon
  6960 | D:9      | Noticed a dagger
  6960 | D:9      | Noticed a hand axe
  6968 | D:9      | Found a hide-covered altar of Uskayaw.
  7105 | D:10     | Reached skill level 13 in Axes
  7183 | D:9      | Noticed a two-headed ogre
  7189 | D:9      | Killed a two-headed ogre
  7189 | D:9      | Received a gift from Okawaru
  7196 | D:9      | Reached XP level 11. HP: 73/95 MP: 11/14
  7279 | D:9      | Reached skill level 5 in Evocations
  7306 | D:9      | Found a staircase to the Orcish Mines.
  7586 | D:9      | Found Aquelug's Jewellery Shoppe.
  7613 | D:9      | Bought a +3 ring of dexterity for 188 gold pieces
  7633 | D:9      | Reached skill level 14 in Axes
  7739 | D:9      | Noticed a two-headed ogre
  7744 | D:9      | Killed a two-headed ogre
  7944 | D:10     | Noticed a two-headed ogre
  7951 | D:10     | Killed a two-headed ogre
  8160 | D:11     | Gained mutation: You are agile. (Dex +2) [evolution]
  8216 | D:10     | Reached skill level 1 in Dodging
  8240 | D:10     | Reached skill level 1 in Stealth
  8262 | D:10     | Found Foemnimm's Distillery.
  8273 | D:10     | Bought a potion of heal wounds for 60 gold pieces
  8273 | D:10     | Bought a potion of heal wounds for 60 gold pieces
  8273 | D:10     | Bought a potion of heal wounds for 60 gold pieces
  8406 | Orc:1    | Entered Level 1 of the Orcish Mines
  8406 | Orc:1    | Found Amiutret's Antique Weapon Shop.
  8406 | Orc:1    | Noticed an orc knight
  8416 | Orc:1    | Killed an orc knight
  8674 | Orc:2    | Entered Level 2 of the Orcish Mines
  8728 | Orc:2    | Reached skill level 15 in Axes
  8923 | Orc:2    | Noticed Sonja
  9005 | Orc:2    | Noticed an orc warlord
  9013 | Orc:2    | Noticed a deep troll
  9016 | Orc:2    | Noticed p0werm0de's ghost (journeyman DDFi)
  9016 | Orc:2    | Noticed a cyclops
  9017 | Orc:2    | Slain by an orc warrior

Skill      XL: |  1  2  3  4  5  6  7  8  9 10 11 |
---------------+----------------------------------+-----
Axes           | 3 5 6 8 10 11 13 15 | 15.0
Fighting       | 4 5 6 7 8 9 |  9.3
Shields        | 4 5 6 7 8 9 |  9.3
Armour         | 4 5 6 7 8 |  8.1
Evocations     | 1 2 3 4 5 |  5.4
Dodging        | 1 |  1.0
Stealth        | 1 |  1.4

Action                   |  1- 3 |  4- 6 |  7- 9 | 10-12 || total
-------------------------+-------+-------+-------+-------++-------
Melee: War axe           |    47 |   280 |   360 |   346 ||  1033
       Peck              |       |       |     6 |    84 ||    90
Evoke: Wand              |       |       |       |     2 ||     2
  Use: Scroll            |     2 |     6 |     9 |     4 ||    21
       Potion            |       |     7 |     4 |     2 ||    13
 Stab: Paralysed         |       |       |     1 |       ||     1
       Distracted        |       |       |     1 |       ||     1
       Invisible         |       |       |       |    17 ||    17
       Confused          |       |       |       |     2 ||     2
  Eat: Meat ration       |       |     1 |       |       ||     1
       Royal jelly       |       |     1 |       |     1 ||     2
       Fruit             |       |       |    11 |     1 ||    12
       Bread ration      |       |       |     1 |     1 ||     2
Armor: Scale mail        |    18 |       |       |       ||    18
       Plate armour      |     8 |    66 |   250 |    51 ||   375
       Chain mail        |       |   105 |     7 |       ||   112
       Ring mail         |       |       |       |    65 ||    65
Dodge: Dodged            |    11 |    66 |    86 |    79 ||   242
Block: Shield            |    26 |   133 |   217 |   163 ||   539
